 Dungeon Crawl Stone Soup version 0.28.0-43-g3370ac3207 (webtiles) character file.

Game seed: 15611454411432146639

301 DearestLeader the Chopper (level 6, 0/78 (84) HPs)
             Began as a Minotaur Fighter on Mar 7, 2022.
             Slain by a wight
             ... wielding a +0 scimitar
              (3 damage)
             ... on level 3 of the Dungeon.
             The game lasted 00:03:29 (2407 turns).

DearestLeader the Chopper (Minotaur Fighter)        Turns: 2407, Time: 00:03:29

HP:   0/78 (84)     AC: 10    Str: 23    XL:     6   Next: 14%
MP:   5/5           EV:  7    Int:  5    God:
Gold: 143           SH:  4    Dex:  9    Spells: 5/5 levels left

rFire   . . .      SeeInvis .   a - +0 war axe
rCold   . . .      Faith    .   c - +0 buckler
rNeg    . . .      Spirit   .   g - +0 chain mail
rPois   .          Reflect  .   (helmet restricted)
rElec   .          Harm     .   n - +0 cloak
rCorr   .          Rampage  .   (no gloves)
Will    .....                   (no boots)
Stlth   ..........              (no amulet)
HPRegen 0.23/turn               k - ring of wizardry
MPRegen 0.09/turn               (no ring)

@: berserking, drained, very quick
A: horns 2, retaliatory headbutt
a: no special abilities


You were on level 3 of the Dungeon.
You visited 1 branch of the dungeon, and saw 3 of its levels.

You collected 143 gold pieces.

Inventory:

Hand Weapons
 a - a +0 war axe (weapon)
Missiles
 l - 19 sling bullets
Armour
 b - a +0 scale mail
 c - a +0 buckler (worn)
 g - a +0 chain mail (worn)
 n - a +0 cloak (worn)
Jewellery
 k - a ring of wizardry (left hand)
 m - a ring of ice
Scrolls
 h - a scroll of immolation {unknown}
 q - a scroll of vulnerability {unknown}
 r - 2 scrolls of teleportation {unknown}
Potions
 d - 2 potions of might
 e - a potion of mutation {unknown}
 f - 4 potions of curing
 i - 3 potions of brilliance {unknown}
 j - 2 potions of berserk rage
 o - a potion of attraction {unknown}
 p - a potion of magic {unknown}


   Skills:
 - Level 5.0 Fighting
 * Level 6.7 Axes
 - Level 4.0 Armour
 - Level 4.0 Shields


You had 5 spell levels left.
You didn't know any spells.
Your spell library contained the following spells:

 Spells                   Type           Power      Damage    Failure   Level
 Static Discharge         Conj/Air       0%         N/A       95%         2
 Cause Fear               Hex            0%         N/A       100%        4
 Dispel Undead            Necr           0%         3d6       100%        4
 Sticky Flame             Conj/Fire      0%         2d3       100%        4
 Dragon Form              Tmut           0%         N/A       100%        7
 Dragon's Call            Summ           0%         N/A       100%        9


Dungeon Overview and Level Annotations

Branches:
Dungeon (3/15)

Altars:
Hepliaklqana
Yredelemnul


Innate Abilities, Weirdness & Mutations

You have a pair of horns on your head.
You reflexively headbutt those who attack you in melee.


Message History

The wight is moderately damaged.
The wight hits you with a +0 dire flail!
The wight closely misses you.
You slash the wight! Your headbutt misses the wight.
The wight is severely damaged.
The wight hits you with a +0 dire flail.
* * * LOW HITPOINT WARNING * * *
You feel drained.
* * * LOW HITPOINT WARNING * * *
You hit the wight. You headbutt the wight.
You destroy the wight!
Your life force feels restored.
Your Axes skill increases to level 6!
The wight barely misses you.
You closely miss the wight. You headbutt the wight!
The wight is severely damaged.
The wight closely misses you.
You slash the wight!
You destroy the wight!
You have reached level 6!
You barely miss the wight. The wight hits you with a +0 scimitar!
* * * LOW HITPOINT WARNING * * *
You feel drained.
* * * LOW HITPOINT WARNING * * *
The wight hits you with a +0 scimitar.
* * * LOW HITPOINT WARNING * * *
A red film seems to cover your vision as you go berserk!
You feel yourself moving faster!
You feel mighty! The wight hits you but does no damage.
You barely miss the wight. Your headbutt misses the wight.
You closely miss the wight. The wight hits you but does no damage.
You slash the wight!
The wight is almost destroyed.
You hit the wight.
The wight hits you but does no damage. x2
You closely miss the wight. Your headbutt misses the wight.
The wight is almost destroyed.
You slash the wight! The wight hits you with a +0 scimitar.
* * * LOW HITPOINT WARNING * * *
You feel drained.
You die...

####..##.# ##.####..
#........# #.# #..
#.###.##..#### #.#
### #.........# #+#
#.###.##.##
#........# ##.....##
#####.##.##
##.......##
#.....####....(....##
##..@....'...........
#.zz.##.#...........
#...###.##....... ..
#....##.# #...†.##..
#.##.##.# #.....#..
#.##.##.# #.P...#..
#.##)##.# #.._..#..
#.......# #...P...#
####.#### #.z....#.


You could see 2 wights.

Vanquished Creatures
  A necrophage (D:3)
  3 wights (D:3)
  4 adders (D:2)
  A worm (D:3)
  A dart slug (D:1)
  7 ball pythons
  7 endoplasms
  2 giant cockroaches
  6 goblins
  7 hobgoblins
  4 quokkas
  3 bats
  7 frilled lizards
  4 rats
57 creatures vanquished.

Vanquished Creatures (others)
  3 withered plants (D:3)
3 creatures vanquished.

Grand Total: 60 creatures vanquished

Notes
Turn   | Place    | Note
-------+----------+-------------------------------------------
     0 | D:1      | DearestLeader the Minotaur Fighter began the quest for the
                  | Orb.
     0 | D:1      | Reached XP level 1. HP: 19/19 MP: 0/0
   265 | D:1      | Reached XP level 2. HP: 25/27 MP: 1/1
   330 | D:1      | Reached skill level 3 in Axes
   626 | D:1      | Found a hazy altar of Hepliaklqana.
  1134 | D:2      | Reached XP level 3. HP: 33/33 MP: 2/2
  1169 | D:2      | Found a faded altar of an unknown god.
  1427 | D:2      | Reached skill level 4 in Axes
  1902 | D:2      | Reached XP level 4. HP: 41/41 MP: 3/3
  2222 | D:3      | Noticed a necrophage
  2227 | D:3      | Killed a necrophage
  2228 | D:3      | Reached skill level 5 in Axes
  2228 | D:3      | Reached XP level 5. HP: 47/47 MP: 4/4
  2303 | D:3      | Reached skill level 5 in Fighting
  2351 | D:3      | Found a basalt altar of Yredelemnul.
  2389 | D:3      | Reached skill level 6 in Axes
  2398 | D:3      | Reached XP level 6. HP: 17/56 MP: 5/5
  2407 | D:3      | HP: 3/81 [wight/+0 scimitar (6)]
  2407 | D:3      | Slain by a wight

Illustrated notes

Levels and vault maps discovered:
D:1:      onia_arrival_pentagram, layout_basic, grunt_decor_clamped,
          kennysheep_flooded_box
D:2:      wander_river, layout_basic, shapermc_ecumenical_altar_starsandcircs,
          minmay_puff
D:3:      layout_loops_corners, yredelemnul_altar_generic,
          uniq_crazy_yiuf_cottage

Skill      XL: |  1  2  3  4  5 |
---------------+----------------+-----
Axes           | 3 4 5 6 |  6.7
Armour         | 4 |  4.0
Shields        | 4 |  4.0
Fighting       | 4 5 |  5.0

Action                   |  1- 3 |  4- 6 || total
-------------------------+-------+-------++-------
Melee: War axe           |    75 |    50 ||   125
       Headbutt          |     9 |     8 ||    17
  Use: Scroll            |       |     2 ||     2
       Potion            |       |     1 ||     1
Armor: Chain mail        |    52 |    25 ||    77
       Scale mail        |     5 |       ||     5
Dodge: Dodged            |    29 |    15 ||    44
Block: Buckler           |    11 |     8 ||    19
